 Dungeon Sprint DCSS version 0.18.1-47-g9310371 (webtiles) character file.

3992 rftp080 the Destroyer (level 10, 0/64 HPs)
             Began as a Gargoyle Venom Mage on June 23, 2016.
             Was the Champion of Sif Muna.
             Slain by a seven-headed hydra (3 damage)
             ... in the Dungeon (Sprint IX: "|||||||||||||||||||||||||||||").
             The game lasted 00:10:26 (2035 turns).

rftp080 the Destroyer (Gargoyle Venom Mage)         Turns: 2035, Time: 00:10:27

Health: 0/64       AC: 14    Str: 13    XL:     10   Next: 23%
Magic:  13/21      EV: 14    Int: 18    God:    Sif Muna [******]
Gold:   8          SH:  0    Dex: 10    Spells: 5 memorised, 9 levels left

rFire  . . .     SeeInvis .     n - +2 halberd (protect)
rCold  . . .     Gourm    .     a - +0 robe
rNeg   + . .     Faith    .     (shield currently unavailable)
rPois  ∞         Spirit   .     (no helmet)
rElec  +         Dismiss  .     (no cloak)
rCorr  .         Reflect  .     (no gloves)
SustAt .         Harm     .     (no boots)
MR     .....     NoTele   +     (no amulet)
Stlth  ++........               (no ring)
                                (no ring)

@: not resistant to hostile enchantments, unstealthy
A: negative energy resistance 1, electricity resistance, unbreathing,
petrification resistance, rot immunity, AC +7
a: Channel Energy, Forget Spell, Renounce Religion


You were in the Dungeon.
You worshipped Sif Muna.
Sif Muna was exalted by your worship.
You were near starving.

You visited 1 branch You collected 8 gold pieces.

Inventory:

Hand Weapons
 m - the +9 Sword of Zonguldrok {reap, *Curse}
   (You found it in the Dungeon)

   If a monster killed with it leaves a corpse in good enough shape, the corpse
   will be animated as a zombie friendly to the killer.
   It may re-curse itself when equipped.
 n - a +2 halberd of protection (weapon)
 o - a +0 lajatang
 p - a +2 morningstar of protection
Armour
 a - a +0 robe (worn)
 q - a +0 cloak
 r - a +1 chain mail
 u - a +0 pair of boots
Magical Staves
 l - an uncursed staff of energy
Jewellery
 s - a +3 ring of strength
 t - a +3 ring of dexterity
Wands
 k - a wand of acid (5/15)
Scrolls
 f - 2 scrolls of enchant armour
 h - 3 scrolls of remove curse
 j - 2 scrolls of amnesia
 w - 2 scrolls of identify
Potions
 g - 4 potions of magic
Books
 b - a Young Poisoner's Handbook

   Spells                             Type                      Level
   a - Sting                          Conjuration/Poison           1
   b - Cure Poison                    Poison                       2
   c - Mephitic Cloud                 Conjuration/Poison/Air       3
   d - Olgreb's Toxic Radiance        Poison                       4
   e - Venom Bolt                     Conjuration/Poison           5
 d - a book of Burglary

   Spells                             Type                      Level
   a - Swiftness                      Charms/Air                   2
   b - Passwall                       Transmutation/Earth          2
   c - Passage of Golubria            Translocation                4
   d - Lee's Rapid Deconstruction     Earth                        5
   e - Darkness                       Hexes                        6
   f - Invisibility                   Hexes                        6


   Skills:
 + Level 8.2 Fighting
 + Level 8.9 Armour
 + Level 7.0 Dodging
 - Level 2.1 Stealth
 + Level 7.7 Spellcasting
 * Level 12.2 Conjurations
 + Level 9.1 Poison Magic
 * Level 11.4 Invocations


You had 9 spell levels left.
You knew the following spells:

 Your Spells              Type           Power        Failure   Level  Hunger
a - Sting                 Conj/Pois      ####         1%          1    None
b - Mephitic Cloud        Conj/Pois/Air  ####....     1%          3    #......
c - Venom Bolt            Conj/Pois      #####.....   3%          5    #####..
d - Olgreb's Toxic Radia  Pois           #####...     2%          4    ###....
e - Swiftness             Chrm/Air       #.......     17%         2    None


Dungeon Overview and Level Annotations

Branches:
Dungeon (1/1)

Altars:
Cheibriados
Dithmenos
Elyvilon
Fedhas
Gozag
Kikubaaqudgha
Makhleb
Nemelex Xobeh
Okawaru
Pakellas
Qazlal
Ru
Sif Muna
Trog
Vehumet
Xom
Yredelemnul
Zin
The Shining One
Beogh
Jiyva
Lugonu


Innate Abilities, Weirdness & Mutations

You are resistant to torment.
Your stone body is resilient (AC +7).
You are immune to poison.
You resist negative energy.
You are resistant to electric shocks.
You can survive without breathing.
You are immune to petrification.
You are immune to rotting.


Message History

The seven-headed hydra bites you.
* * * LOW HITPOINT WARNING * * *
Read which item? (? for menu, Esc to quit)
Okay, then.
Evoke which item? (* to show all) (? for menu, Esc to quit)
Zapping:
k - a wand of acid (6/15)
Press: ? - help, Shift-Dir - straight line, f/p - seven-headed hydra
Aim: a seven-headed hydra (moderately wounded, covered in acid)
The bolt of acid hits the seven-headed hydra.
The acid corrodes the seven-headed hydra!
The seven-headed hydra is heavily wounded.
The bolt of acid hits the black mamba.
The black mamba is heavily wounded.
This wand has 5 charges left.
The seven-headed hydra closely misses you.
The seven-headed hydra barely misses you.
The seven-headed hydra bites you.
* * * LOW HITPOINT WARNING * * *
The seven-headed hydra bites you.
You die...

▓▓▓▓▓▓▓▓▓▓▓▓▓▓▓▓▓▓▓▓▓▓▓▓▓▓▓▓▓▓▓▓▓
'______________________'..))[....
▓▓▓▓▓▓▓▓▓▓▓▓▓▓▓▓▓▓▓▓▓▓▓▓▓▓▓▓▓▓▓▓▓
.........).......................
▓▓▓▓▓▓▓▓▓▓▓▓▓▓▓▓▓▓▓▓▓▓▓▓▓▓▓▓▓▓▓▓▓
.....'.........'@DS.....
▓▓▓▓▓▓▓▓▓▓▓▓▓▓▓▓▓▓▓▓▓▓▓▓


You could see a seven-headed hydra and a black mamba.

Vanquished Creatures
  Erolcha (D)
  A death knight (D)
  A spiny frog (D)
  A komodo dragon (D)
  A troll (D)
  2 two-headed ogres (D)
  A wyvern (D)
  A yak (D)
  A hippogriff (D)
  3 porcupines (D)
  An ice beast (D)
  A phantom (D)
  2 crocodiles (D)
  6 giant frogs (D)
  A crimson imp (D)
  3 iguanas (D)
  A worker ant (D)
  A sheep (D)
  A river rat (D)
  3 giant geckos (D)
  An orc (D)
  A ball python (D)
  A bat zombie (D)
  A quokka zombie (D)
  2 rats (D)
39 creatures vanquished.

Notes
Turn   | Place    | Note
--------------------------------------------------------------
     0 | D        | rftp080 the Gargoyle Venom Mage began the quest for the Orb.
     0 | D        | Reached XP level 1. HP: 10/10 MP: 3/3
     6 | D        | Reached skill level 1 in Conjurations
     9 | D        | Reached skill level 1 in Armour
    21 | D        | Reached skill level 2 in Conjurations
    21 | D        | Reached XP level 2. HP: 8/15 MP: 0/5
   153 | D        | Noticed a crimson imp
   159 | D        | Reached skill level 3 in Conjurations
   159 | D        | Reached XP level 3. HP: 16/19 MP: 0/7
   177 | D        | Reached skill level 4 in Conjurations
   242 | D        | Found a glowing silver altar of Zin.
   242 | D        | Found a glowing golden altar of the Shining One.
   242 | D        | Found an ancient bone altar of Kikubaaqudgha.
   242 | D        | Found a basalt altar of Yredelemnul.
   242 | D        | Found a shimmering altar of Xom.
   242 | D        | Found a radiant altar of Vehumet.
   243 | D        | Found an iron altar of Okawaru.
   244 | D        | Found a burning altar of Makhleb.
   246 | D        | Found a deep blue altar of Sif Muna.
   247 | D        | Found a bloodstained altar of Trog.
   248 | D        | Found a sparkling altar of Nemelex Xobeh.
   249 | D        | Found a white marble altar of Elyvilon.
   250 | D        | Found a roughly hewn altar of Beogh.
   251 | D        | Found a viscous altar of Jiyva.
   252 | D        | Found a corrupted altar of Lugonu.
   253 | D        | Found a blossoming altar of Fedhas.
   254 | D        | Became a worshipper of Sif Muna the Loreminder
   255 | D        | Found a snail-covered altar of Cheibriados.
   256 | D        | Found a shadowy altar of Dithmenos.
   257 | D        | Found a stormy altar of Qazlal.
   258 | D        | Found an opulent altar of Gozag.
   259 | D        | Found a sacrificial altar of Ru.
   260 | D        | Found an oddly glowing altar of Pakellas.
   327 | D        | Reached skill level 1 in Fighting
   327 | D        | Reached skill level 5 in Conjurations
   327 | D        | Reached skill level 5 in Poison Magic
   327 | D        | Reached skill level 1 in Invocations
   327 | D        | Reached XP level 4. HP: 23/25 MP: 7/9
   338 | D        | Learned a level 3 spell: Mephitic Cloud
   344 | D        | Noticed a phantom
   344 | D        | Noticed a yak
   344 | D        | Noticed a hippogriff
   344 | D        | Noticed a giant frog
   344 | D        | Noticed a two-headed ogre
   425 | D        | Killed a giant frog
   425 | D        | Reached XP level 5. HP: 16/30 MP: 3/10
   427 | D        | Killed a yak
   427 | D        | Reached * piety under Sif Muna
   427 | D        | Reached skill level 6 in Conjurations
   427 | D        | Reached XP level 6. HP: 21/37 MP: 4/12
   433 | D        | Killed a hippogriff
   433 | D        | Reached ** piety under Sif Muna
   433 | D        | Reached skill level 5 in Armour
   433 | D        | Reached skill level 7 in Conjurations
   433 | D        | Reached skill level 5 in Invocations
   455 | D        | Killed a phantom
   455 | D        | Reached skill level 5 in Spellcasting
   662 | D        | Killed a two-headed ogre
   662 | D        | Reached skill level 8 in Conjurations
   662 | D        | Reached XP level 7. HP: 44/44 MP: 5/15
   675 | D        | Learned a level 5 spell: Venom Bolt
   680 | D        | Learned a level 4 spell: Olgreb's Toxic Radiance
   693 | D        | Noticed a two-headed ogre
   693 | D        | Noticed a troll
   693 | D        | Noticed a death knight
   696 | D        | Killed a two-headed ogre
   696 | D        | Reached *** piety under Sif Muna
   696 | D        | Reached skill level 5 in Fighting
   696 | D        | Reached skill level 5 in Dodging
   696 | D        | Reached skill level 9 in Conjurations
   696 | D        | Reached XP level 8. HP: 43/49 MP: 1/16
   704 | D        | Killed a troll
   715 | D        | Killed a death knight
   715 | D        | Reached **** piety under Sif Muna
   715 | D        | Reached skill level 10 in Conjurations
   715 | D        | Reached XP level 9. HP: 10/56 MP: 1/18
   779 | D        | Noticed Erolcha
   982 | D        | Killed Erolcha
   982 | D        | Reached ***** piety under Sif Muna
   982 | D        | Reached skill level 11 in Conjurations
   982 | D        | Reached skill level 10 in Invocations
  1130 | D        | Noticed a spiny frog
  1167 | D        | Killed a spiny frog
  1509 | D        | Noticed a komodo dragon
  1748 | D        | Killed a komodo dragon
  1748 | D        | Reached XP level 10. HP: 64/64 MP: 1/21
  1763 | D        | Reached skill level 12 in Conjurations
  1771 | D        | Reached ****** piety under Sif Muna
  1771 | D        | Received a gift from Sif Muna
  1788 | D        | Learned a level 2 spell: Swiftness
  2020 | D        | Noticed a seven-headed hydra
  2024 | D        | Noticed a black mamba
  2035 | D        | HP: 3/64 [seven-headed hydra (3)]
  2035 | D        | Slain by a seven-headed hydra

Skill      XL: |  1  2  3  4  5  6  7  8  9 10 |
---------------+-------------------------------+-----
Conjurations   | 2 3 5 6 8 9 10 11 12 | 12.2
Armour         | 1 2 3 4 5 6 7 8 |  8.9
Dodging        | 2 3 4 5 6 7 |  7.0
Spellcasting   | 3 4 5 6 7 |  7.7
Fighting       | 1 3 4 5 6 7 8 |  8.2
Poison Magic   | 5 6 7 8 9 |  9.1
Invocations    | 1 2 4 7 9 11 | 11.4
Stealth        | |  2.1

Action                   |  1- 3 |  4- 6 |  7- 9 | 10-12 || total
-------------------------+-------+-------+-------+-------++-------
Melee: Unarmed           |    64 |       |       |       ||    64
       Halberd           |    32 |    29 |    66 |    22 ||   149
 Cast: Sting             |    11 |     6 |     7 |       ||    24
       Mephitic Cloud    |       |     3 |       |     2 ||     5
       Venom Bolt        |       |       |     9 |     1 ||    10
       Olgreb's Toxic Ra |       |       |     4 |     1 ||     5
Invok: Channel Energy    |       |       |    15 |       ||    15
Evoke: Wand              |       |       |     7 |     4 ||    11
  Use: Potion            |     4 |     5 |     7 |     3 ||    19
       Scroll            |       |       |     2 |     2 ||     4
  Eat: Chunk             |       |     1 |     4 |     1 ||     6
       Bread ration      |       |       |     1 |       ||     1
Armor: Robe              |    33 |    17 |    26 |    30 ||   106
Dodge: Dodged            |    51 |    15 |    73 |    44 ||   183
